 Dungeon Crawl Stone Soup version 0.29.1-14-g9c671dbff4 (webtiles) character file.

Game seed: 3892498858192757079

755 croobank the Covert (level 7, -9/49 HPs)
             Began as an Octopode Delver on Feb 15, 2023.
             Killed by divine providence
             ... invoked by an orc priest
              (11 damage)
             ... on level 6 of the Dungeon.
             The game lasted 00:16:03 (6625 turns).

croobank the Covert (Octopode Delver)               Turns: 6625, Time: 00:16:04

Health: -9/49      AC:  3    Str: 11    XL:     7   Next: 79%
Magic:  10/10      EV: 14    Int: 14    God:
Gold:   217        SH:  0    Dex: 14    Spells: 9/10 levels left

rFire   . . .      SeeInvis .   a - +0 hand axe
rCold   . . .      Faith    .   (no shield)
rNeg    . . .      Spirit   .   e - +2 hat
rPois   .          Reflect  .   t - amulet of regeneration
rElec   .          Harm     .   (no ring)
rCorr   .          Rampage  .   (no ring)
Will    .....                   (no ring)
Stlth   +++++.....              (no ring)
HPRegen 0.96/turn               (no ring)
MPRegen 0.12/turn               (no ring)
                                (no ring)
                                (no ring)

@: about to teleport
A: almost no armour, amphibious, 8 rings, camouflage 1, gelatinous body 1,
(nimble swimmer 1), tentacles
a: no special abilities


You were on level 6 of the Dungeon.
You visited 1 branch of the dungeon, and saw 6 of its levels.

You collected 217 gold pieces.

Inventory:

Hand Weapons
 a - a +0 hand axe (weapon)
 k - a +0 short sword
 o - a +2 war axe
 s - a +1 whip of venom
Missiles
 p - 11 poisoned darts (quivered)
Armour
 e - a +2 hat (worn)
Jewellery
 t - an amulet of regeneration (around mantle)
Wands
 f - a wand of digging (3)
Scrolls
 b - a scroll of fog
 g - 2 scrolls of identify
 j - a scroll of teleportation
Potions
 c - 2 potions of mutation
 m - a potion of attraction
 q - a potion of magic
 r - a potion of flight


   Skills:
 + Level 4.8 Fighting
 + Level 3.9 Axes
 + Level 4.1 Dodging
 + Level 8.3 Stealth
 + Level 2.3 Spellcasting
 + Level 2.5 Translocations


You had 9 spell levels left.
You knew the following spells:

 Your Spells              Type           Power      Damage    Failure   Level
a - Apportation           Tloc           16%        N/A       9%          1

Your spell library contained the following spells:

 Spells                   Type           Power      Damage    Failure   Level
 Ozocubu's Armour         Ice            1%         N/A       56%         3
 Alistair's Intoxication  Tmut/Pois      0%         N/A       100%        5
 Metabolic Englaciation   Hex/Ice        0%         N/A       100%        5
 Simulacrum               Ice/Necr       0%         N/A       100%        6


Dungeon Overview and Level Annotations

Branches:
Dungeon (6/15)
 Temple: D:4-7

Altars:
Zin

Shops:
D:1 =   D:2 [   D:3 [


Innate Abilities, Weirdness & Mutations

You cannot wear most types of armour.
You are amphibious.
You can wear up to eight rings at the same time.
Your skin changes colour to match your surroundings (Stealth+).
Your rubbery body absorbs attacks. (AC +1, EV +1)
((You are camouflaged when in or above water. (Stealth+)))
You have tentacles for arms and can constrict up to eight enemies at once.


Message History

The orc wizard hits you but does no damage.
The orc misses you.
You barely miss the orc wizard.
The orc wizard is heavily wounded.
You closely miss the orc. x2; The orc barely misses you.
The orc wizard misses you. The orc hits you with a +0 club.
* * * LOW HITPOINT WARNING * * *
You hit the orc wizard but do no damage.
Your squeeze misses the orc wizard.
The orc wizard is heavily wounded.
You hit the orc. x2
You kill the orc!
The orc wizard hits you but does no damage.
The orc hits you with a +0 club.
* * * LOW HITPOINT WARNING * * *
You bump into the rock wall.
You feel less confused. The orc hits you with a +0 falchion.
* * * LOW HITPOINT WARNING * * *
The orc wizard hits you with a +0 dagger.
* * * LOW HITPOINT WARNING * * *
The orc hits you with a +0 club.
* * * LOW HITPOINT WARNING * * *
Okay, then.
Okay, then.
Okay, then.
Sorry, you're not good enough to have a special ability.
Casting: Apportation (safe; 9% risk of failure)
Confirm with . or Enter, or press ? or * to list all spells.
Aiming: Apportation (safe; 9% risk of failure)
Press: ? - help, Dir - move target Apport: a book of Alchemy
Okay, then.
As you read the scroll of teleportation, it crumbles to dust.
You feel strangely unstable. The orc hits you with a +0 falchion.
* * * LOW HITPOINT WARNING * * *
The orc wizard closely misses you. The orc closely misses you.
The orc priest calls down the wrath of Beogh upon you.
Beogh smites you!
You die...

#+# #####.##
......###
.o.....
###....####
#......... #
#....##.##.#
#.####.:.....!..
#...@oo.########
#...oo..#
#########


You could see an orc priest, an orc wizard and 2 orcs.

Vanquished Creatures
  A hornet (D:4)
  2 phantoms (D:5)
  A scorpion (D:5)
  2 hounds (D:5)
  4 iguanas
  7 adders
  2 ufetubi
  4 worms
  6 dart slugs
  4 orcs
  6 endoplasms
  2 giant cockroaches
  10 goblins
  6 hobgoblins
  A jackal (D:2)
  5 kobolds
  6 quokkas
  5 ball pythons
  6 bats
  11 frilled lizards
  5 rats
96 creatures vanquished.

Vanquished Creatures (others)
  4 plants (D:3)
4 creatures vanquished.

Grand Total: 100 creatures vanquished

Notes
Turn   | Place    | Note
-------+----------+-------------------------------------------
     0 | D:5      | croobank the Octopode Delver began the quest for the Orb.
     0 | D:5      | Reached XP level 1. HP: 16/16 MP: 1/1
     1 | D:6      | Noticed an orc wizard
     2 | D:6      | Noticed a shadow
    31 | D:5      | Noticed an iguana
    77 | D:4      | Noticed a hornet
    83 | D:4      | Noticed an iguana
   160 | D:2      | Reached XP level 2. HP: 14/21 MP: 2/2
   662 | D:1      | Found Dexomit's Jewellery Shop.
   677 | D:1      | Reached XP level 3. HP: 18/26 MP: 3/3
  1169 | D:1      | Found a faded altar of an unknown god.
  1381 | D:2      | Reached skill level 7 in Stealth
  1598 | D:2      | Reached XP level 4. HP: 31/31 MP: 4/4
  1866 | D:2      | Found Beluasteit's Antique Armour Shoppe.
  2913 | D:3      | Learned a level 1 spell: Apportation
  3084 | D:3      | Found Guoloe's Antique Armour Emporium.
  3428 | D:3      | Reached XP level 5. HP: 37/37 MP: 5/5
  3846 | D:4      | Found a glowing silver altar of Zin.
  3941 | D:5      | Noticed a phantom
  4242 | D:4      | Killed a hornet
  4243 | D:4      | Reached skill level 1 in Spellcasting
  4243 | D:4      | Reached skill level 1 in Translocations
  4243 | D:4      | Reached XP level 6. HP: 4/44 MP: 6/8
  5717 | D:5      | Reached XP level 7. HP: 44/49 MP: 9/9
  6077 | D:5      | Reached skill level 8 in Stealth
  6625 | D:6      | HP: 2/49 [orc/+0 falchion (2)]
  6625 | D:6      | Killed from afar by an orc priest

Illustrated notes

Levels and vault maps discovered:
D:1:      dpeg_arrival_castle, layout_loops_ring,
          shapermc_ecumenical_altar_mp_highgroup, serial_shops, shop,
          grunt_decor_cap
D:2:      minmay_recursive_quarters, layout_basic, serial_shops,
          nicolae_lakefront_shop
D:3:      layout_basic, serial_shops, shop, hangedman_decor_opposing,
          minmay_lizard_king
D:4:      layout_loops_ring, zin_statuary
D:5:      layout_basic, minivault_4
D:6:      lemuel_castle_with_subvaults [lemuel_castle_interior_carwin_3],
          layout_loops_corners, nicolae_overflow_crystal_walls,
          ebering_ghost_disaster_area, uniq_blork_the_orc

Skill      XL: |  1  2  3  4  5  6  7 |
---------------+----------------------+-----
Stealth        | 7 8 |  8.3
Dodging        | 3 4 |  4.1
Axes           | 3 |  3.9
Fighting       | 4 |  4.8
Spellcasting   | 1 2 |  2.3
Translocations | 1 2 |  2.5

Action                   |  1- 3 |  4- 6 |  7- 9 || total
-------------------------+-------+-------+-------++-------
Melee: Hand axe          |    55 |   128 |    61 ||   244
       Constrict         |    13 |    32 |     6 ||    51
       Tentacles         |    10 |    27 |     9 ||    46
       Punch             |     1 |       |     1 ||     2
Throw: Dart              |       |     6 |       ||     6
  Use: Scroll            |     2 |     4 |     9 ||    15
       Potion            |       |     1 |     2 ||     3
 Stab: Sleeping          |    11 |    15 |     4 ||    30
       Distracted        |       |     1 |       ||     1
Armor: Skin              |     5 |     9 |     8 ||    22
Dodge: Dodged            |    31 |    66 |    52 ||   149
